 Dungeon Crawl Stone Soup version 0.21.0-3-g78d12a8 (webtiles) character file.

231 tidbits the Gusty (level 6, -1/44 HPs)
             Began as a Gnoll Air Elementalist on Jan 11, 2018.
             Slain by an elf zombie (8 damage)
             ... in an ossuary.
             The game lasted 00:08:53 (903 turns).

tidbits the Gusty (Gnoll Air Elementalist)           Turns: 903, Time: 00:08:54

Health: -1/44      AC:  2    Str:  8 (10) XL:     6   Next: 4%
Magic:  11/13      EV: 14    Int: 17 (20) God:
Gold:   91         SH:  0    Dex: 13 (15) Spells: 9/15 levels left

rFire    . . .     SeeInvis .   a - +0 short sword
rCold    . . .     Gourm    .   (no shield)
rNeg     + . .     Faith    .   e - +0 robe
rPois    +         Spirit   .   (no helmet)
rElec    .         Reflect  .   (no cloak)
rCorr    .         Harm     .   (no gloves)
MR       .....                  (no boots)
Stlth    +++.......             (no amulet)
HPRegen  0.14/turn              P - ring of poison resistance
MPRegen  0.13/turn              m - ring of positive energy

@: marked
A: distributed training, fangs 1, strong nose
a: no special abilities


You were in an ossuary.
You were not hungry.

You visited 1 branch of the dungeon, and saw 4 of its levels.
You also visited: Ossuary.

You collected 91 gold pieces.

Inventory:

Hand Weapons
 a - a +0 short sword (weapon)
 d - a +0 dagger
Missiles
 f - 51 arrows
 n - 6 curare-tipped needles
Armour
 e - a +0 robe (worn)
 j - a +0 large shield
 l - a +0 ring mail
Jewellery
 m - a ring of positive energy (right hand)
   (You found it on level 2 of the Dungeon)
 P - a ring of poison resistance (left hand)
   (You found it on level 1 of the Dungeon)
Scrolls
 k - 2 scrolls of identify {unknown}
 o - a scroll of teleportation {unknown}
Potions
 g - 3 potions of degeneration
 i - a potion of mutation {unknown}
Books
 b - a book of Air

   Spells                             Type                      Level
   a - Shock                          Conjuration/Air              1
   b - Swiftness                      Charms/Air                   2
   c - Static Discharge               Conjuration/Air              3
   d - Airstrike                      Air                          4
   e - Lightning Bolt                 Conjuration/Air              5
Comestibles
 c - 5 rations


   Skills:
 + Level 1.7 Fighting
 + Level 1.7 Short Blades
 + Level 1.7 Long Blades
 + Level 1.7 Axes
 + Level 1.7 Maces & Flails
 + Level 1.7 Polearms
 + Level 1.7 Staves
 + Level 1.7 Slings
 + Level 1.7 Bows
 + Level 1.7 Crossbows
 + Level 1.7 Throwing
 + Level 1.7 Armour
 + Level 4.9 Dodging
 + Level 4.5 Stealth
 + Level 1.7 Shields
 + Level 1.7 Unarmed Combat
 + Level 5.2 Spellcasting
 + Level 2.5 Conjurations
 + Level 1.3 Hexes
 + Level 1.3 Charms
 + Level 1.3 Summonings
 + Level 1.3 Necromancy
 + Level 1.3 Translocations
 + Level 1.3 Transmutations
 + Level 1.3 Fire Magic
 + Level 1.3 Ice Magic
 + Level 5.6 Air Magic
 + Level 1.3 Earth Magic
 + Level 1.3 Poison Magic
 + Level 1.9 Invocations
 + Level 1.7 Evocations


You had 9 spell levels left.
You knew the following spells:

 Your Spells              Type           Power        Failure   Level  Hunger
a - Shock                 Conj/Air       ###.         2%          1    None
d - Static Discharge      Conj/Air       ###.....     8%          3    ###....
W - Swiftness             Chrm/Air       ###.....     4%          2    #......


Dungeon Overview and Level Annotations

Branches:
Dungeon (4/15)
 Temple: D:4-7

Altars:
Elyvilon


Innate Abilities, Weirdness & Mutations

Your experience applies equally to all skills.
You have very sharp teeth.
Your uncanny sense of smell can sniff out nearby items.


Message History

The mummy is severely damaged.
The zap hits the elf zombie.
The elf zombie is moderately damaged.
The big kobold zombie hits you but does no damage.
The elf zombie barely misses you.
Casting: Shock
Confirm with . or Enter, or press ? or * to list all spells.
Aiming: Shock
Press: ? - help, Shift-Dir - straight line The zap hits the elf zombie.
The elf zombie is moderately damaged.
The zap hits the mummy.
The mummy is severely damaged.
The zap hits the hobgoblin zombie.
The hobgoblin zombie is lightly damaged.
The zap hits the hobgoblin zombie.
The hobgoblin zombie is moderately damaged.
The zap hits the mummy.
You destroy the mummy!
You have reached level 6!
Your experience leads to an increase in your attributes!
Increase (S)trength, (I)ntelligence, or (D)exterity?
You feel clever.
The zap hits the elf zombie.
The elf zombie is moderately damaged.
The big kobold zombie hits you but does no damage.
The elf zombie hits you.
A mummy and 2 zombies come into view.
It was a potion of degeneration.
There was something very wrong with that liquid.
You feel weakened.
You feel dopey.
You feel clumsy.
The human zombie moves out of view.
The big kobold zombie hits you.
Casting: Shock
Confirm with . or Enter, or press ? or * to list all spells.
Aiming: Shock
Press: ? - help, Shift-Dir - straight line The zap hits the elf zombie.
The elf zombie is heavily damaged.
The zap hits the hobgoblin zombie.
The hobgoblin zombie is almost destroyed.
The zap hits the orc zombie.
The orc zombie is heavily damaged.
The zap hits the orc zombie.
You destroy the orc zombie!
The zap hits the hobgoblin zombie.
You destroy the hobgoblin zombie!
The zap hits the elf zombie.
The elf zombie is heavily damaged.
The elf zombie misses you.
Casting: Shock
Confirm with . or Enter, or press ? or * to list all spells.
Aiming: Shock
Press: ? - help, Shift-Dir - straight line The zap hits the elf zombie.
The elf zombie is heavily damaged.
The zap hits the elf zombie.
The elf zombie is severely damaged.
The big kobold zombie hits you. The elf zombie barely misses you.
A big kobold zombie comes into view.
Casting: Shock
Confirm with . or Enter, or press ? or * to list all spells.
Okay, then.
You hit the elf zombie. Your bite misses the elf zombie.
The elf zombie is severely damaged.
The big kobold zombie moves out of view.
The big kobold zombie hits you. The elf zombie hits you.
* * * LOW HITPOINT WARNING * * *
It was a potion of magic.
Magic courses through your body. The big kobold zombie hits you.
* * * LOW HITPOINT WARNING * * *
The elf zombie hits you.
* * * LOW HITPOINT WARNING * * *
Casting: Shock
Confirm with . or Enter, or press ? or * to list all spells.
Aiming: Shock
Press: ? - help, Shift-Dir - straight line The zap hits the elf zombie.
The elf zombie is severely damaged.
The zap hits the elf zombie.
The elf zombie is severely damaged.
Casting: Shock
Confirm with . or Enter, or press ? or * to list all spells.
Aiming: Shock
Press: ? - help, Shift-Dir - straight line The zap hits the elf zombie.
The elf zombie is severely damaged.
The zap hits the elf zombie.
The elf zombie is almost destroyed.
The elf zombie hits you.
* * * LOW HITPOINT WARNING * * *
Casting: Shock
Confirm with . or Enter, or press ? or * to list all spells.
Aiming: Shock
Press: ? - help, Shift-Dir - straight line The zap hits the elf zombie.
The elf zombie is almost destroyed.
The zap hits the elf zombie.
The elf zombie is almost destroyed.
The elf zombie hits you!
You die...

#....................#
#....................#
#........8..8........#
#....................#
#...######..######...#
#...# #..# #...# #...#
#..# #...#
#...#.####Z^####.#...#
#...#..Z@MZZ.....#...#
#...#.####ZZ.....#...#
#...# #.Z.....#...#
#...# #.......#...#
#...# #.∩.....#...#
#...# ....+####...#
#...# #...#∆∆∆#...#
#...# ∆ ...#∆∆∆#...#
##############...#


You could see a mummy, a jackal zombie, a goblin zombie, 2 big kobold zombies, 2
elf zombies and a human zombie.

Vanquished Creatures
  A centaur zombie (Ossuary)
  An orc priest (D:3)
  A bullfrog skeleton (D:4)
  2 orc wizards (D:3)
  A mummy (Ossuary)
  An adder (D:2)
  A worm zombie (D:4)
  A worm (D:2)
  A leopard gecko (D:2)
  3 orcs (D:3)
  5 bats
  3 goblins (D:1)
  4 hobgoblins
  3 jackals (D:1)
  A ball python (D:1)
  A frilled lizard (D:3)
  2 goblin zombies
  8 hobgoblin zombies (Ossuary)
  A jackal zombie (Ossuary)
  2 kobolds (D:1)
  5 kobold zombies (Ossuary)
  12 orc zombies (Ossuary)
  4 rats
64 creatures vanquished.

Notes
Turn   | Place    | Note
-------+----------+-------------------------------------------
     0 | D:1      | tidbits the Gnoll Air Elementalist began the quest for the Orb.
     0 | D:1      | Reached XP level 1. HP: 13/13 MP: 6/6
    96 | D:1      | Reached skill level 2 in Conjurations
   133 | D:1      | Reached XP level 2. HP: 13/19 MP: 4/7
   416 | D:2      | Reached XP level 3. HP: 25/25 MP: 3/9
   420 | D:2      | Learned a level 2 spell: Swiftness
   424 | D:2      | Learned a level 3 spell: Static Discharge
   465 | D:1      | Reached skill level 5 in Spellcasting
   540 | D:2      | Reached skill level 1 in Invocations
   587 | D:3      | Found a white marble altar of Elyvilon.
   616 | D:3      | Reached skill level 1 in Fighting
   616 | D:3      | Reached skill level 1 in Short Blades
   616 | D:3      | Reached skill level 1 in Long Blades
   616 | D:3      | Reached skill level 1 in Axes
   616 | D:3      | Reached skill level 1 in Maces & Flails
   616 | D:3      | Reached skill level 1 in Polearms
   616 | D:3      | Reached skill level 1 in Staves
   616 | D:3      | Reached skill level 1 in Slings
   616 | D:3      | Reached skill level 1 in Bows
   616 | D:3      | Reached skill level 1 in Crossbows
   616 | D:3      | Reached skill level 1 in Throwing
   616 | D:3      | Reached skill level 1 in Armour
   616 | D:3      | Reached skill level 1 in Shields
   616 | D:3      | Reached skill level 1 in Unarmed Combat
   616 | D:3      | Reached skill level 1 in Evocations
   616 | D:3      | Reached XP level 4. HP: 25/32 MP: 7/11
   620 | D:3      | Reached skill level 1 in Hexes
   620 | D:3      | Reached skill level 1 in Charms
   620 | D:3      | Reached skill level 1 in Summonings
   620 | D:3      | Reached skill level 1 in Necromancy
   620 | D:3      | Reached skill level 1 in Translocations
   620 | D:3      | Reached skill level 1 in Transmutations
   620 | D:3      | Reached skill level 1 in Fire Magic
   620 | D:3      | Reached skill level 1 in Ice Magic
   620 | D:3      | Reached skill level 1 in Earth Magic
   620 | D:3      | Reached skill level 1 in Poison Magic
   620 | D:3      | Reached XP level 5. HP: 29/37 MP: 4/12
   726 | D:4      | Found a sand-covered staircase.
   762 | Ossuary  | Entered an ossuary
   895 | Ossuary  | Reached XP level 6. HP: 27/44 MP: 2/13
   903 | Ossuary  | Slain by an elf zombie

Skill      XL: |  1  2  3  4 |
---------------+-------------+-----
Conjurations   | 2 |  2.5
Spellcasting   | 5 |  5.2
Invocations    | 1 |  1.9
Fighting       | 1 |  1.7
Short Blades   | 1 |  1.7
Long Blades    | 1 |  1.7
Axes           | 1 |  1.7
Maces & Flails | 1 |  1.7
Polearms       | 1 |  1.7
Staves         | 1 |  1.7
Slings         | 1 |  1.7
Bows           | 1 |  1.7
Crossbows      | 1 |  1.7
Throwing       | 1 |  1.7
Armour         | 1 |  1.7
Shields        | 1 |  1.7
Unarmed Combat | 1 |  1.7
Evocations     | 1 |  1.7
Hexes          | 1 |  1.3
Charms         | 1 |  1.3
Summonings     | 1 |  1.3
Necromancy     | 1 |  1.3
Translocations | 1 |  1.3
Transmutations | 1 |  1.3
Fire Magic     | 1 |  1.3
Ice Magic      | 1 |  1.3
Earth Magic    | 1 |  1.3
Poison Magic   | 1 |  1.3
Dodging        | |  4.9
Stealth        | |  4.5
Air Magic      | |  5.6

Action                   |  1- 3 |  4- 6 || total
-------------------------+-------+-------++-------
Melee: Dagger            |    10 |    19 ||    29
       Bite              |     1 |     4 ||     5
       Short sword       |       |    33 ||    33
       Punch             |       |     1 ||     1
 Cast: Shock             |    37 |    41 ||    78
       Static Discharge  |       |     1 ||     1
  Use: Potion            |       |     2 ||     2
 Stab: Sleeping          |     5 |     1 ||     6
Armor: Robe              |     4 |     3 ||     7
Dodge: Dodged            |    10 |    45 ||    55

Table legend:
 A = Turns spent in this place as a percentage of turns spent in the entire game.
 B = Non-inter-level travel turns spent in this place as a percentage of non-inter-level travel turns spent in the entire game.
 C = Inter-level travel turns spent in this place as a percentage of turns spent in this place.
 D = Turns resting spent in this place as a percentage of non-inter-level travel turns spent in this place.
 E = Turns spent auto-exploring this place as a percentage of non-inter-level travel turns spent in this place.
 F = Non-inter-level travel turns spent in this place divided by the number of levels of this place that you've seen.
                   A       B       C       D       E      F
               +-------+-------+-------+-------+-------+----------------------
         Total | 100.0 | 100.0 |   1.0 |   0.0 |   0.0 | 178.8
       Dungeon |  84.4 |  84.2 |   1.2 |   0.0 |   0.0 | 188.2
       Ossuary |  15.6 |  15.8 |   0.0 |   0.0 |   0.0 | 141.0
               +-------+-------+-------+-------+-------+----------------------

Table legend:
 A = Kills in this place as a percentage of kills in entire the game.
 B = Kills by you in this place as a percentage of kills by you in the entire game.
 C = Kills by friends in this place as a percentage of kills by friends in the entire game.
 D = Other kills in this place as a percentage of other kills in the entire game.
 E = Experience gained in this place as a percentage of experience gained in the entire game.
 F = Experience gained in this place divided by the number of levels of this place that you have seen.
                   A       B       C       D       E      F
               +-------+-------+-------+-------+-------+----------------------
         Total | 100.0 | 100.0 |   N/A |   N/A | 100.0 |  66.2
       Dungeon |  54.7 |  54.7 |   N/A |   N/A |  71.6 |  59.2
       Ossuary |  45.3 |  45.3 |   N/A |   N/A |  28.4 |  94.0
               +-------+-------+-------+-------+-------+----------------------

Vault maps used:
D:1:      matt_arrival_los_fun
D:2:      nicolae_ru_sacrificial_ziggurat, uniq_robin
D:3:      elyvilon_altar_1, first_ration
D:4:      lemuel_zombie_altar_yredelemnul, enter_ossuary_3
Ossuary:  ossuary_tomb_1
